AoeStats
← mdave88

Arena

509419719Analyzed
3v3 RM · 4d ago on Sep 26, 2026· 54m 33s· 6 players
Game mode
Random Map
Map size
Normal (6 player)
Population
200
Speed
Normal
Resources
Standard
Victory
Conquest
Starting age
Dark Age
Ending age
Imperial Age
RankedLock teamsTeams togetherTeam positionsShared explorationLock speedFull tech treeHidden civsTurbo modeCheats
Victory
Defeat
🇭🇺 Romans · Hungary
880
+18
🇭🇺 Magyars · Hungary
877
+18
🇬🇧 Vietnamese · United Kingdom
838
+20
🇩🇪 Khmer · Germany
988
-21
🇩🇪 Lithuanians · Germany
988
-21
🇩🇪 Huns · Germany
814
-14
悟 GOKU 悟
13:07 Feudal Age
11:26 Loom
17:09 Castle Age
15:30 Double-Bit Axe
17:50 Wheelbarrow
17:32 Town Watch
18:32 Horse Collar
19:22 Fletching
26:59 Stone Mining
28:42 Padded Archer Armor
30:04 Bodkin Arrow
31:28 Hand Cart
31:07 Gold Mining
33:28 Town Patrol
33:40 Bow Saw
36:47 Imperial Age
35:14 Treadmill Crane
35:56 Ballistics
36:12 Forging
37:02 Bloodlines
38:03 Iron Casting
37:21 Heated Shot
38:41 Two-Man Saw
37:44 Heavy Plow
37:55 Scale Barding Armor
38:39 Bracer
39:46 Chatras
40:33 Scale Mail Armor
41:45 Chemistry
44:20 Paper Money
mdave88
2:26 Loom
11:37 Feudal Age
16:09 Castle Age
14:31 Stone Mining
15:30 Double-Bit Axe
22:25 Gold Mining
22:22 Horse Collar
23:45 Bow Saw
25:07 Scale Barding Armor
26:11 Gold Shaft Mining
29:33 Imperial Age
31:52 Pikeman
33:12 Conscription
33:20 Scale Mail Armor
40:25 Wheelbarrow
41:41 Chain Barding Armor
45:16 Corvinian Army
49:25 Fletching
53:50 Heavy Plow
Joe
11:18 Feudal Age
14:52 Castle Age
14:18 Double-Bit Axe
17:48 Wheelbarrow
23:03 Hand Cart
22:47 Horse Collar
25:39 Gold Mining
25:36 Pikeman
30:56 Imperial Age
29:08 Scale Mail Armor
29:19 Forging
30:34 Chain Mail Armor
30:08 Man-at-Arms
30:48 Squires
31:26 Iron Casting
31:00 Long Swordsman
32:43 Heavy Plow
32:57 Bow Saw
33:30 Ballistas
33:46 Conscription
34:07 Ballistics
33:14 Legionary
33:29 Capped Ram
34:36 Heavy Scorpion
38:24 Blast Furnace
38:03 Onager
43:13 Halberdier
49:05 Caravan
Arminius
9:11 Loom
10:59 Feudal Age
14:02 Castle Age
12:44 Double-Bit Axe
12:53 Horse Collar
16:21 Bow Saw
16:34 Loom
20:34 Wheelbarrow
23:26 Bloodlines
24:25 Husbandry
23:52 Crossbowman
24:03 Elite Skirmisher
25:16 Padded Archer Armor
25:07 Fletching
28:03 Town Watch
33:20 Imperial Age
31:25 Leather Archer Armor
31:39 Bodkin Arrow
31:10 Light Cavalry
33:02 Scale Barding Armor
33:07 Forging
35:26 Ballistics
36:07 Chemistry
35:09 Bracer
36:00 Crossbowman
37:16 Ring Archer Armor
37:00 Arbalester
38:33 Heavy Plow
38:26 Gold Mining
38:27 Stone Mining
40:17 Masonry
40:44 Hussar
43:56 Fervor
44:22 Illumination
44:40 Siege Engineers
44:34 Murder Holes
44:45 Siege Engineers
45:46 Chain Barding Armor
46:02 Iron Casting
47:57 Redemption
50:20 Sanctity
50:36 Theocracy
blackcore23
8:48 Loom
11:54 Feudal Age
12:53 Horse Collar
13:22 Double-Bit Axe
19:14 Castle Age
20:45 Wheelbarrow
24:34 Bloodlines
27:25 Scale Barding Armor
27:33 Forging
30:05 Hand Cart
30:30 Bow Saw
30:24 Heavy Plow
38:38 Imperial Age
36:14 Husbandry
36:15 Gold Mining
36:56 Town Watch
37:16 Murder Holes
37:46 Ballistics
39:14 Cavalier
39:17 Elite Tarkan
43:12 Chain Barding Armor
43:27 Iron Casting
43:57 Chemistry
44:50 Paladin
Pacmac
11:09 Feudal Age
12:46 Double-Bit Axe
13:12 Horse Collar
18:47 Castle Age
18:21 Forging
20:08 Heavy Plow
20:19 Bow Saw
22:47 Husbandry
22:56 Scale Barding Armor
22:57 Loom
23:47 Wheelbarrow
25:13 Bloodlines
31:41 Imperial Age
29:00 Pikeman
30:30 Elite Skirmisher
31:18 Thumb Ring
31:18 Squires
32:33 Iron Casting
33:17 Chain Barding Armor
35:28 Ballistics
36:04 Cavalier
36:56 Light Cavalry
37:32 Halberdier
38:40 Conscription
39:26 Plate Barding Armor
39:38 Elite Leitis
44:46 Paladin
53:57 Scale Mail Armor
Connection lost

Rejoining the realm…

Still unreachable

The connection could not be restored.

Session expired

The server has moved on; the page needs a fresh start.